 Dungeon Crawl Stone Soup version 0.14.0-12-g87ee3b7 (webtiles) character file.

588 4tharraofdagon the Chopper (level 6, -3/56 HPs)
             Began as a Minotaur Gladiator on Apr 17, 2014.
             Slain by a centaur (6 damage)
             ... on Level 5 of the Dungeon.
             The game lasted 00:05:45 (1044 turns).

4tharraofdagon the Chopper (Minotaur Gladiator)     Turns: 1044, Time: 00:05:46

HP  -3/56        AC  6     Str 21      XL: 6   Next: 97%
MP   3/3         EV 14     Int  5      God:
Gold 81          SH  0     Dex 16      Spells:  0 memorised,  5 levels left

rFire  . . .     SeeInvis .     a - +0 war axe
rCold  . . .     Clarity  .     s - +0 scale mail
rNeg   . . .     Conserve .     (no shield)
rPois  .         rCorr    .     c - +0 hat
rElec  .         rRot     .     (no cloak)
SustAb . .       Spirit   .     (no gloves)
rMut   .         Warding  .     (no boots)
Gourm  +         Stasis   .     d - amulet of the gourmand
MR     .....                    (no ring)
                                t - ring of regeneration

@: agile, not resistant to hostile enchantments, very unstealthy
A: retaliatory headbutt, horns 2
a: no special abilities


You were on level 5 of the Dungeon.
You were not hungry.

You visited 1 branch of the dungeon, and saw 5 of its levels.

You collected 81 gold pieces.

Inventory:

Hand weapons
 a - a +0,+0 war axe (weapon)
Missiles
 e - 4 darts of frost (quivered)
Armour
 b - a +0 leather armour
 c - a +0 hat (worn)
 g - a +0 ring mail
 s - a +0 scale mail (worn)
Comestibles
 f - 3 bread rations
 i - a pear
 n - a rambutan
 u - a banana
Scrolls
 h - 2 scrolls of immolation {unknown}
 j - a scroll of recharging {unknown}
 k - 2 scrolls of random uselessness {unknown}
 l - a scroll of remove curse {unknown}
 m - a scroll of teleportation {unknown}
 o - 2 scrolls of fear {unknown}
 q - 3 scrolls of identify {unknown}
Jewellery
 d - an amulet of the gourmand (around neck)
 t - a ring of regeneration (left hand)
Potions
 p - a potion of restore abilities {unknown}
Books
 v - a book of Annihilations {highlevel, unknown}

   This book is beyond your current level of understanding.

   Spells                             Type                      Level
   Poison Arrow                       Conjuration/Poison           6
   Chain Lightning                    Conjuration/Air              8
   Lehudib's Crystal Spear            Conjuration/Earth            8
   Glaciate                           Conjuration/Ice              9
   Fire Storm                         Conjuration/Fire             9


   Skills:
 + Level 5.0 Fighting
 * Level 7.3 Axes
 - Level 2.0 Throwing
 + Level 5.0 Dodging


You had 5 spell levels left.
You didn't know any spells.

Dungeon Overview and Level Annotations

Branches:
Dungeon (5/15)
 Temple: D:4-7

Altars:
Okawaru
Vehumet


Innate Abilities, Weirdness & Mutations

You reflexively headbutt those who attack you in melee.
You have a pair of horns on your head.


Message History

The centaur closely misses you. The centaur hits you.
* * * LOW HITPOINT WARNING * * *
Unknown command.
You barely miss the centaur. You headbutt the centaur.
The centaur is severely wounded.
The centaur hits you.
* * * LOW HITPOINT WARNING * * *
Unknown command.
You closely miss the centaur. You headbutt the centaur.
The centaur is severely wounded.
The centaur hits you.
* * * LOW HITPOINT WARNING * * *
The centaur hits you.
* * * LOW HITPOINT WARNING * * *
Unknown command.
Unknown command.
You barely miss the centaur. Your headbutt misses the centaur.
The centaur is severely wounded.
The centaur barely misses you. The centaur hits you.
You die...

############ ######
#...........# .....#
#...........#
.....#####...........#
.....'...#...(......)#
.....###<#....(......+
.....# #.#...........#
.....# #.#.)....@....#
.....# #.'.......c...#
'##### ###...........#
.# #########+### .# ##
.....


You could see a centaur.

Vanquished Creatures
  2 ogres
  A giant frog (D:4)
  3 worker ants (D:4)
  An iguana (D:4)
  9 adders
  A giant mite (D:4)
  An inept feature mimic (D:4)
  An orc skeleton (D:4)
  3 worms
  2 giant eyeballs
  2 giant geckos
  4 orcs (D:3)
  2 ball pythons (D:4)
  5 bats
  2 giant cockroaches
  4 goblins
  5 hobgoblins
  2 jackals (D:3)
  4 giant newts
  9 kobolds
  4 rats
67 creatures vanquished.

Vanquished Creatures (others)
  2 jackals (D:3)
2 creatures vanquished.

Grand Total: 69 creatures vanquished

Notes
Turn   | Place    | Note
--------------------------------------------------------------
     0 | D:1      | 4tharraofdagon, the Minotaur Gladiator, began the quest for the Orb.
     0 | D:1      | Reached XP level 1. HP: 18/18 MP: 1/1
    87 | D:2      | Reached skill level 4 in Axes
    87 | D:2      | Reached XP level 2. HP: 15/25 MP: 1/1
   213 | D:2      | Reached XP level 3. HP: 12/30 MP: 2/2
   308 | D:2      | Reached skill level 5 in Axes
   316 | D:2      | Reached XP level 4. HP: 11/38 MP: 2/2
   453 | D:3      | Noticed an ogre
   465 | D:3      | Killed an ogre
   465 | D:3      | Reached XP level 5. HP: 26/46 MP: 2/2
   564 | D:4      | Reached skill level 6 in Axes
   572 | D:4      | Reached XP level 6. HP: 11/52 MP: 3/3
   597 | D:3      | Found a radiant altar of Vehumet.
   761 | D:4      | Paralysed by a giant eyeball for 4 turns
   767 | D:4      | Found an iron altar of Okawaru.
   768 | D:4      | Paralysed by a giant eyeball for 2 turns
   914 | D:4      | Reached skill level 7 in Axes
   983 | D:5      | Entered Level 5 of the Dungeon
   997 | D:5      | Paralysed by a giant eyeball for 4 turns
  1003 | D:5      | Paralysed by a giant eyeball for 4 turns
  1026 | D:5      | Reached skill level 5 in Fighting
  1026 | D:5      | Reached skill level 5 in Dodging
  1044 | D:5      | Slain by a centaur

Action                   |  1- 3 |  4- 6 || total
-------------------------+-------+-------++-------
Melee: War axe           |    55 |   109 ||   164
Throw: Throwing net      |     5 |     6 ||    11
  Use: Potion            |       |     3 ||     3
 Stab: Held in net/web   |     1 |     2 ||     3
